AoeStats
← TVHG.- TheCuervo

Nomad

510565964Analyzed
4v4 RM · 10h ago on Oct 1, 2026· 33m 23s· 8 players
Game mode
Random Map
Map size
231×231
Population
200
Speed
Normal
Resources
Standard
Victory
Conquest
Starting age
Dark Age
Ending age
Imperial Age
RankedLock teamsTeams togetherTeam positionsShared explorationLock speedFull tech treeHidden civsTurbo modeCheats
Victory
Defeat
🇬🇧 Varangians · United Kingdom
1408
+15
🇧🇷 Huns · Brazil
1398
+15
🇺🇸 Japanese · United States
1396
+16
1352
+17
🇵🇪 Persians · Peru
1513
-20
🇦🇷 Mongols · Argentina
1389
-16
🇦🇷 Vietnamese · Argentina
1381
-16
🇦🇷 Huns · Argentina
1264
-11
TVHG.Phraymus
5:10 Loom
19:26 Feudal Age
23:05 Castle Age
22:27 Double-Bit Axe
26:56 Bow Saw
tvhG - - - Chena
6:58 Loom
14:04 Feudal Age
18:16 Castle Age
16:49 Double-Bit Axe
17:58 Gold Mining
21:12 Fletching
22:07 Ballistics
22:04 Padded Archer Armor
23:03 Bodkin Arrow
24:58 Town Watch
27:12 Husbandry
28:16 Bloodlines
TVHG . ApoloPacman
6:30 Loom
16:22 Feudal Age
17:02 Double-Bit Axe
17:47 Fletching
25:08 Castle Age
23:37 Stone Mining
TVHG.- TheCuervo
5:24 Loom
13:41 Feudal Age
14:37 Town Watch
15:05 Fletching
17:22 Gold Mining
20:21 Padded Archer Armor
26:58 Castle Age
Non faux pa
5:05 Loom
12:50 Feudal Age
12:52 Man-at-Arms
15:27 Arson
16:47 Scale Mail Armor
16:59 Fletching
23:14 Castle Age
23:07 Padded Archer Armor
26:26 Bodkin Arrow
27:27 Leather Archer Armor
ryocallan
4:37 Loom
13:35 Feudal Age
15:04 Town Watch
17:51 Double-Bit Axe
24:39 Wheelbarrow
29:09 Castle Age
27:54 Arson
29:41 Scale Mail Armor
Perseu
3:05 Loom
13:51 Feudal Age
17:36 Castle Age
15:49 Fletching
15:49 Double-Bit Axe
17:11 Fishing Lines
18:19 Bodkin Arrow
19:34 Gold Mining
24:48 Bow Saw
24:53 Padded Archer Armor
26:46 Ballistics
29:18 Leather Archer Armor
29:10 Thumb Ring
30:27 Wheelbarrow
30:52 Horse Collar
༄CLR』Iulo Ascanio2210
6:11 Loom
12:38 Feudal Age
13:54 Fletching
19:18 Double-Bit Axe
23:17 Castle Age
21:56 Fishing Lines
23:49 Padded Archer Armor
24:56 Bow Saw
27:38 Scale Mail Armor
30:48 Horse Collar
32:09 Gillnets
33:17 Wheelbarrow
Connection lost

Rejoining the realm…

Still unreachable

The connection could not be restored.

Session expired

The server has moved on; the page needs a fresh start.